 Dungeon Crawl Stone Soup version 0.28-a0-1429-gf3d713df7a (webtiles) character file.

Game seed: 8275712392082608193

277 HallandMoats the Shield-Bearer (level 6, -4/48 HPs)
             Began as a Formicid Fighter on Jan 9, 2022.
             Slain by a bullfrog (5 damage)
             ... on level 4 of the Dungeon.
             The game lasted 00:03:34 (4361 turns).

HallandMoats the Shield-Bearer (Formicid Fighter)   Turns: 4361, Time: 00:03:35

Health: -4/48      AC:  7    Str: 21    XL:     6   Next: 51%
Magic:  7/7        EV: 10    Int:  7    God:
Gold:   93         SH:  5    Dex: 12    Spells: 5/5 levels left

rFire   . . .      SeeInvis +   b - +0 hand axe (venom)
rCold   . . .      Faith    .   c - +0 buckler
rNeg    . . .      Spirit   .   o - +0 scale mail
rPois   .          Reflect  .   (helmet unavailable)
rElec   .          Harm     .   (no cloak)
rCorr   .          Rampage  .   (no gloves)
Will    .....                   (no boots)
Stlth   ..........              (no amulet)
HPRegen 0.16/turn               (no ring)
MPRegen 0.10/turn               (no ring)

@: mighty
A: permanent stasis, dig shafts and tunnels, antennae 3, four strong arms
a: Dig, Shaft Self


You were on level 4 of the Dungeon.
You visited 1 branch of the dungeon, and saw 4 of its levels.

You collected 93 gold pieces.

Inventory:

Hand Weapons
 a - a +0 war axe
 b - a +0 hand axe of venom (weapon)
Missiles
 h - a throwing net
Armour
 c - a +0 buckler (worn)
 o - a +0 scale mail (worn)
Scrolls
 e - a scroll of teleportation {unknown}
 f - a scroll of magic mapping {unknown}
 g - 2 scrolls of enchant armour {unknown}
 j - a scroll of silence {unknown}
 k - a scroll of holy word {unknown}
 l - a scroll of enchant weapon {unknown}
 n - a scroll of acquirement {unknown}
 p - a scroll of identify {unknown}
Potions
 d - 3 potions of might
 i - a potion of mutation {unknown}
 m - a potion of attraction {unknown}


   Skills:
 + Level 4.2 Fighting
 + Level 3.1 Axes
 + Level 4.2 Armour
 + Level 2.0 Dodging
 + Level 4.6 Shields
 + Level 2.6 Invocations


You had 5 spell levels left.
You didn't know any spells.
Your spell library was empty.

Dungeon Overview and Level Annotations

Branches:
Dungeon (4/15)
 Temple: D:4-7

Altars:
Zin


Innate Abilities, Weirdness & Mutations

You cannot be hasted, slowed, berserked, paralysed or teleported.
You can dig through walls and to a lower floor.
You have a pair of large antennae on your head. (SInv)
Your four strong arms can wield two-handed weapons with a shield.


Message History

The jelly is heavily wounded.
You closely miss the bullfrog. The bullfrog closely misses you.
You block the jelly's attack. The bullfrog barely misses you.
The jelly hits you but does no damage.
You slash the jelly!
Your hands burn!
The jelly is almost dead.
You hit the bullfrog. The bullfrog hits you.
The jelly hits you but does no damage. The bullfrog closely misses you.
You hit the jelly but do no damage.
Your hands burn!
* * * LOW HITPOINT WARNING * * *
The jelly is almost dead.
You hit the bullfrog.
The bullfrog is poisoned.
The bullfrog barely misses you. The jelly closely misses you.
You hit the jelly.
You kill the jelly!
You closely miss the bullfrog. You block the bullfrog's attack.
The bullfrog hits you.
* * * LOW HITPOINT WARNING * * *
The bullfrog misses you.
Something unseen breaks down the door.
The bullfrog hits you.
* * * LOW HITPOINT WARNING * * *
The bullfrog hits you.
* * * LOW HITPOINT WARNING * * *
You feel very mighty all of a sudden. The bullfrog misses you.
The orc completely misses you. You block the bullfrog's attack.
You barely miss the bullfrog.
The bullfrog is heavily wounded.
The bullfrog closely misses you. The orc barely misses you.
The bullfrog hits you.
* * * LOW HITPOINT WARNING * * *
Are you sure you want to shaft yourself?
The orc barely misses you. The bullfrog hits you.
* * * LOW HITPOINT WARNING * * *
You begin to dig a shaft.
You continue digging a shaft.
You block the bullfrog's attack.
The orc hits you from afar with a +0 trident.
* * * LOW HITPOINT WARNING * * *
The bullfrog hits you.
You die...

...################## #.o..#.{
#..................# ##{##.#{#
#..............$...# ###...#{{.#
##................).###.'.♣.##.##
#......)o.......o..o.o.o#....#.#.
..##<#######{#####..#.####...###.
....o......{{{{o.#..#.# ....#..
################F#..#.# #....$.
#@#...S. .>.♣.> #.#..... ...... {
#.#.....# ..#.. #.+.....# #.# {
#.# #.# #.#


You could see a bullfrog (poisoned) and an orc.

Vanquished Creatures
  A scorpion (D:3)
  A jelly (D:4)
  2 orc wizards (D:4)
  4 adders
  A shadow imp (D:3)
  2 worms (D:2)
  A dart slug (D:2)
  5 orcs
  10 endoplasms
  A giant cockroach (D:1)
  6 goblins
  10 hobgoblins
  9 quokkas
  9 ball pythons
  5 bats
  4 frilled lizards
  11 kobolds
  6 rats
88 creatures vanquished.

Notes
Turn   | Place    | Note
-------+----------+-------------------------------------------
     0 | D:1      | HallandMoats the Formicid Fighter began the quest for the
                  | Orb.
     0 | D:1      | Reached XP level 1. HP: 18/18 MP: 1/1
   360 | D:1      | Reached XP level 2. HP: 24/24 MP: 2/2
   521 | D:1      | Reached XP level 3. HP: 26/29 MP: 3/3
   595 | D:1      | Reached skill level 1 in Invocations
  1421 | D:2      | Found a faded altar of an unknown god.
  1437 | D:2      | Reached skill level 1 in Dodging
  1534 | D:2      | Found a glowing silver altar of Zin.
  1683 | D:2      | Reached XP level 4. HP: 31/36 MP: 4/4
  2916 | D:3      | Reached XP level 5. HP: 42/42 MP: 6/6
  3890 | D:4      | Noticed an orc warrior
  3896 | D:4      | Reached XP level 6. HP: 37/48 MP: 7/7
  4361 | D:4      | HP: 1/48 [orc (2)]
  4361 | D:4      | Slain by a bullfrog

Illustrated notes

Levels and vault maps discovered:
D:1:      dpeg_arrival_tiny_j, layout_basic
D:2:      wad_river_or_something, layout_basic,
          hellmonk_ecumenical_altar_inner_sanctum, basic_altar,
          chequers_serial_rivers_micro_e, hangedman_decor_clover_reticule,
          chequers_serial_rivers_large_a
D:3:      layout_loops_ring
D:4:      layout_basic, grunt_ministairs_13, minmay_bisected

Skill      XL: |  1  2  3  4  5  6 |
---------------+-------------------+-----
Invocations    | 1 2 |  2.6
Dodging        | 1 2 |  2.0
Shields        | 4 |  4.6
Fighting       | 4 |  4.2
Armour         | 4 |  4.2
Axes           | 3 |  3.1

Action                   |  1- 3 |  4- 6 || total
-------------------------+-------+-------++-------
Melee: War axe           |    89 |   105 ||   194
       Hand axe          |       |    28 ||    28
 Abil: Shaft Self        |       |     1 ||     1
  Use: Potion            |       |     1 ||     1
Armor: Scale mail        |    29 |    66 ||    95
Dodge: Dodged            |    46 |    77 ||   123
Block: Buckler           |    17 |    31 ||    48

Table legend: (Time is in decaauts)
 A = Elapsed time spent in this place.
 B = Non-inter-level travel time spent in this place.
 C = Inter-level travel time spent in this place.
 D = Time resting spent in this place.
 E = Time spent auto-exploring this place.
 F = Levels seen in this place.
 G = Mean time per level.
                   A        B        C        D        E       F      G
               +--------+--------+--------+--------+--------+-----+--------+
         Total |   4456 |   4370 |     86 |    343 |   3345 |   4 | 1114.0 |
       Dungeon |   4456 |   4370 |     86 |    343 |   3345 |   4 | 1114.0 |
               +--------+--------+--------+--------+--------+-----+--------+

Top non-repeatable levels by time:
     D:2: 1517 daAuts
     D:1: 1368 daAuts
     D:3: 1096 daAuts
     D:4: 474 daAuts
